 Dungeon Crawl Stone Soup version 0.25-a0-479-g8579842fd4 (webtiles) character file.

Game seed: 2709335446747759766, levelgen mode: deterministic

1579 Kohma the Firebug (level 8, 0/67 HPs)
             Began as a Pale Draconian Fire Elementalist on Feb 9, 2020.
             Was an Initiate of Dithmenos.
             Slain by a wight
             ... wielding a +0 spear
              (1 damage)
             ... on level 7 of the Dungeon.
             The game lasted 00:27:26 (8796 turns).

Kohma the Firebug (DrFE)                            Turns: 8796, Time: 00:27:26

Health: 0/67       AC:  7    Str: 15    XL:     8   Next: 60%
Magic:  14/14      EV: 11    Int: 18    God:    Dithmenos [......]
Gold:   459        SH:  0    Dex: 12    Spells: 7/15 levels left

rFire    . . .     SeeInvis .   h - +1 whip (elec)
rCold    . . .     Gourm    .   (no shield)
rNeg     . . .     Faith    .   (armour unavailable)
rPois    .         Spirit   .   A - +0 hat
rElec    .         Reflect  .   (no cloak)
rCorr    .         Harm     .   (no gloves)
MR       .....                  y - +0 pair of boots
Stlth    +.........             (no amulet)
HPRegen  0.21/turn              (no ring)
MPRegen  0.14/turn              (no ring)

@: mighty, heavily drained
A: breathe steam, unfitting armour, cold-blooded, AC +6
a: Breathe Steam, Renounce Religion


You were on level 7 of the Dungeon.
You worshipped Dithmenos.
Dithmenos was noncommittal.
You were near starving.

You visited 2 branches of the dungeon, and saw 8 of its levels.

You collected 459 gold pieces.

Inventory:

Hand Weapons
 a - a +1 long sword
 b - a +0 hunting sling
 h - a +1 whip of electrocution (weapon)
Missiles
 c - 125 sling bullets
 e - 213 stones
 f - 13 poisoned darts (quivered)
 n - 102 arrows
Armour
 y - a +0 pair of boots (worn)
 A - a +0 hat (worn)
Wands
 r - a wand of disintegration (18)
 w - a wand of random effects (14)
 x - a wand of iceblast (9)
 B - a wand of paralysis (8)
Scrolls
 g - a scroll of magic mapping
 i - a scroll of blinking
 j - 4 scrolls of remove curse
 k - 2 scrolls of identify
 m - a scroll of enchant armour {unknown}
 p - 2 scrolls of immolation
 q - 2 scrolls of amnesia
 t - 2 scrolls of brand weapon {unknown}
Potions
 l - a potion of invisibility
 o - 2 potions of heal wounds
 s - a potion of lignification
 u - a potion of brilliance
 z - 3 potions of agility
Comestibles
 v - 9 rations


   Skills:
 + Level 4.4(2.4) Fighting
 - Level 2.2(0.4) Long Blades
 + Level 3.5(1.6) Maces & Flails
 - Level 1.7(0.0) Dodging
 - Level 1.7(0.0) Stealth
 - Level 4.0(2.1) Spellcasting
 - Level 4.0(2.1) Conjurations
 - Level 7.1(5.0) Fire Magic
 + Level 3.7(1.8) Invocations


You had 7 spell levels left.
You knew the following spells:

 Your Spells              Type           Power        Failure   Level  Hunger
a - Foxfire               Conj/Fire      ##..         4%          1    #......
b - Conjure Flame         Conj/Fire      ##......     12%         3    ###....
c - Sticky Flame          Conj/Fire      ##......     38%         4    #####..

Your spell library contained the following spells:

 Spells                   Type           Power        Failure   Level  Hunger
 Inner Flame              Hex/Fire       ##......     19%         3    ###....
 Fireball                 Conj/Fire      ##........   75%         5    ######.


Dungeon Overview and Level Annotations

Branches:
Dungeon (7/15)             Temple (1/1) D:6

Altars:
Ashenzari
Cheibriados
Dithmenos
Elyvilon
Fedhas
Gozag
Hepliaklqana
Kikubaaqudgha
Makhleb
Nemelex Xobeh
Okawaru
Qazlal
Ru
Sif Muna
Trog
Uskayaw
Vehumet
Wu Jian
Xom
Yredelemnul
Zin
The Shining One

Shops:
D:6 }

Annotations:
D:1 Terence


Innate Abilities, Weirdness & Mutations

You can breathe blasts of scalding, opaque steam.
Your pale cyan-grey scales are hard. (AC +6)
You cannot fit into any form of body armour.
You are cold-blooded and may be slowed by cold attacks.


Message History

Dithmenos accepts your kill. The wight barely misses you.
The wight hits you but does no damage.
Things that are here:
a cursed +2 trident; a +0 robe You barely miss the wight.
The wight hits you with a +0 spear.
* * * LOW HITPOINT WARNING * * *
You barely miss the wight. The wight hits you but does no damage.
You barely miss the wight. The wight hits you with a +0 spear.
* * * LOW HITPOINT WARNING * * *
You feel drained.
You hit the wight.
The wight is lightly damaged.
The wight hits you but does no damage.
You whack the wight!
The wight is heavily damaged.
The wight hits you with a +0 spear.
* * * LOW HITPOINT WARNING * * *
You feel drained.
You die...

######## ####......#
.....####.# ####.# #.#
.###.####.######
............)..#######
##.....##.####..@)...#
###...###)# #.z####.#
.....####.# #...z# #
####......# ##......
#.###### ###s#### #+#
.# .# . .


You could see a wight.

Vanquished Creatures
  An orc warrior (D:6)
  A sky beast (D:6)
  3 phantoms
  An ogre (D:6)
  A bullfrog (D:6)
  3 scorpions
  4 wights (D:7)
  A howler monkey (D:5)
  2 crimson imps
  4 orc wizards
  2 orc priests
  A centaur skeleton (D:4)
  Jessica (D:3)
  5 worker ants
  A worker ant zombie (D:5)
  9 adders
  A shadow imp (D:5)
  An ooze (D:3)
  An adder skeleton (D:4)
  A worm (D:3)
  5 leopard geckos
  14 orcs
  5 giant cockroaches
  6 goblins
  5 hobgoblins
  11 jackals
  4 quokkas
  2 ball pythons
  A ball python skeleton (D:4)
  3 bats (D:2)
  8 frilled lizards
  5 kobolds
  4 rats
117 creatures vanquished.

Vanquished Creatures (collateral kills)
  A jackal (D:3)
1 creature vanquished.

Vanquished Creatures (others)
  An adder (D:7)
  170 foxfires
171 creatures vanquished.

Grand Total: 289 creatures vanquished

Notes
Turn   | Place    | Note
-------+----------+-------------------------------------------
     0 | D:1      | Kohma the Draconian Fire Elementalist began the quest for
                  | the Orb.
     0 | D:1      | Reached XP level 1. HP: 14/14 MP: 3/3
   496 | D:1      | Reached XP level 2. HP: 20/20 MP: 1/5
  1261 | D:2      | Reached XP level 3. HP: 19/26 MP: 1/6
  1598 | D:2      | Learned a level 3 spell: Conjure Flame
  2036 | D:3      | Reached XP level 4. HP: 22/33 MP: 5/8
  2399 | D:3      | Reached skill level 4 in Fire Magic
  2560 | D:3      | Reached XP level 5. HP: 38/38 MP: 10/10
  2566 | D:3      | Noticed Jessica
  2568 | D:3      | Noticed Terence
  2665 | D:2      | HP: 1/38 [Terence/+0 flail (2)]
  3040 | D:3      | Learned a level 4 spell: Sticky Flame
  3140 | D:3      | Killed Jessica
  3444 | D:4      | Noticed a phantom
  3772 | D:3      | Killed a phantom
  3772 | D:3      | Reached XP level 6. HP: 42/45 MP: 1/11
  3961 | D:4      | HP: 2/45 [poisoned by a worker ant]
  4251 | D:4      | Reached skill level 5 in Fire Magic
  5191 | D:4      | Your scales start taking on a pale cyan-grey colour.
  5191 | D:4      | Reached skill level 6 in Fire Magic
  5191 | D:4      | Reached XP level 7. HP: 28/50 MP: 0/13
  5876 | D:4      | Reached skill level 1 in Long Blades
  5906 | D:5      | Entered Level 5 of the Dungeon
  6304 | D:5      | Reached skill level 1 in Fighting
  6720 | D:5      | Found a sacrificial altar of Ru.
  6939 | D:6      | Reached skill level 7 in Fire Magic
  7086 | D:6      | Found a staircase to the Ecumenical Temple.
  7092 | Temple   | Entered the Ecumenical Temple
  7201 | Temple   | Became a worshipper of Dithmenos the Shadowed
  7320 | D:6      | Reached skill level 1 in Maces & Flails
  7320 | D:6      | Reached skill level 1 in Invocations
  7570 | D:6      | Reached XP level 8. HP: 62/62 MP: 8/14
  7746 | D:6      | Found a shimmering blue altar of Sif Muna.
  8014 | D:6      | Found Moduep's Gadget Emporium.
  8796 | D:7      | HP: 1/67 [wight/+0 spear (4)]
  8796 | D:7      | Slain by a wight

Levels and vault maps discovered:
D:1:      dpeg_arrival_rooms_with_view, layout_basic, st_stairs_8,
          wad_floor_pattern_2, minmay_misc_feat_chi, hangedman_decor_points
D:2:      layout_rooms, first_ration
D:3:      layout_loops_ring, uniq_jessica, uniq_terence
D:4:      layout_loops_ring, kennysheep_generic_room_13
D:5:      layout_rooms, kennysheep_mini
D:6:      layout_basic, minmay_temple_entry_enclosed_plants, serial_shops,
          nicolae_shop_window_shopping, led_sif_book
D:7:      layout_loops_corners, grunt_ogre_cave, uniq_crazy_yiuf_cottage
Temple:   kilobyte_greek_temple

Skill      XL: |  1  2  3  4  5  6  7  8 |
---------------+-------------------------+-----
Conjurations   | 2 4 |  4.0
Spellcasting   | 3 4 |  4.0
Fire Magic     | 4 6 7 |  7.1
Long Blades    | 2 |  2.2
Fighting       | 2 4 |  4.4
Maces & Flails | 1 3 |  3.5
Invocations    | 1 3 |  3.7
Dodging        | |  1.7
Stealth        | |  1.7

Action                   |  1- 3 |  4- 6 |  7- 9 || total
-------------------------+-------+-------+-------++-------
Melee: Unarmed           |    22 |       |       ||    22
       Tailslap          |     1 |     8 |    14 ||    23
       Short sword       |    43 |    35 |       ||    78
       Rapier            |       |    37 |       ||    37
       Long sword        |       |       |    62 ||    62
       Whip              |       |       |    91 ||    91
 Fire: Hunting sling     |       |    64 |       ||    64
Throw: Dart              |       |    18 |    10 ||    28
 Cast: Foxfire           |    48 |    47 |    12 ||   107
       Conjure Flame     |       |     3 |     1 ||     4
       Sticky Flame      |       |    17 |    17 ||    34
  Use: Potion            |       |     4 |     1 ||     5
       Scroll            |       |       |    15 ||    15
 Stab: Sleeping          |     1 |     3 |     3 ||     7
  Eat: Chunk             |     4 |     8 |    10 ||    22
       Ration            |       |     2 |     1 ||     3
Armor: Skin              |    25 |    49 |    56 ||   130
Dodge: Dodged            |    53 |    95 |   127 ||   275
       Rpst.: Long sword |       |       |    19 ||    19

Table legend:
 A = Non-vault XP
 B = Vault XP
 C = Vault XP percentage of total XP
 D = Non-vault monster count
 E = Vault monster count
 F = Vault count percentage of total count
                 A         B        C        D         E       F
            +---------+---------+-------+---------+---------+-------
      Total |    2133 |     124 |   5.5 |     112 |       6 |   5.1
            +---------+---------+-------+---------+---------+-------
        D:1 |      22 |       7 |  24.1 |      14 |       3 |  17.6
        D:2 |      40 |       0 |   0.0 |      17 |       0 |   0.0
        D:3 |     272 |      37 |  12.0 |      21 |       1 |   4.5
        D:4 |     458 |       0 |   0.0 |      23 |       0 |   0.0
        D:5 |     314 |       0 |   0.0 |      17 |       0 |   0.0
        D:6 |     742 |      80 |   9.7 |      14 |       2 |  12.5
        D:7 |     285 |       0 |   0.0 |       6 |       0 |   0.0
            +---------+---------+-------+---------+---------+-------
